 Dungeon Crawl Stone Soup version 0.23.2-33-g5129a83184 (webtiles) character file.

Game seed: 8694513554566076195

292 Gwenloh the Conjurer (level 6, 0/32 HPs)
             Began as a Deep Elf Conjurer on July 9, 2019.
             Killed by divine providence
             ... invoked by an orc priest
              (12 damage)
             ... on level 4 of the Dungeon.
             The game lasted 00:15:18 (3534 turns).

Gwenloh the Conjurer (Deep Elf Conjurer)            Turns: 3534, Time: 00:15:19

Health: 0/32       AC:  5    Str:  5    XL:     6   Next: 10%
Magic:  0/12       EV: 14    Int: 22    God:
Gold:   130        SH:  0    Dex: 15    Spells: 1/11 levels left

rFire    . . .     SeeInvis .   k - +3 short sword (speed)
rCold    . . .     Gourm    .   (no shield)
rNeg     . . .     Faith    .   e - +1 robe
rPois    .         Spirit   .   o - +0 helmet
rElec    .         Reflect  .   (no cloak)
rCorr    .         Harm     .   (no gloves)
MR       .....                  l - +0 pair of boots
Stlth    +++.......             j - amulet of regeneration
HPRegen  0.50/turn              (no ring)
MPRegen  0.13/turn              (no ring)

@: no status effects
A: no striking features
a: no special abilities


You were on level 4 of the Dungeon.
You were not hungry.

You visited 1 branch of the dungeon, and saw 4 of its levels.

You collected 130 gold pieces.

Inventory:

Hand Weapons
 a - a +0 dagger
 k - a +3 short sword of speed (weapon)
Armour
 e - a +1 robe (worn)
 l - a +0 pair of boots (worn)
 o - a +0 helmet (worn)
Jewellery
 j - an amulet of regeneration (around neck)
 p - a +4 ring of intelligence {unknown}
Wands
 q - a wand of iceblast (5)
 r - a wand of polymorph (6)
Potions
 b - a potion of mutation
 d - a potion of brilliance
 g - 3 potions of heal wounds
 h - a potion of haste
 i - a potion of degeneration {unknown}
 m - a potion of curing {unknown}
 n - a potion of invisibility {unknown}
 s - 2 potions of might {unknown}
Comestibles
 c - 11 rations


   Skills:
 + Level 4.3 Dodging
 + Level 4.6 Stealth
 - Level 3.0 Spellcasting
 * Level 6.5 Conjurations


You had one spell level left.
You knew the following spells:

 Your Spells              Type           Power        Failure   Level  Hunger
a - Magic Dart            Conj           ####         1%          1    None
b - Searing Ray           Conj           ####..       1%          2    ##.....
c - Dazzling Spray        Conj/Hex       ###...       10%         3    ###....
d - Iskenderun's Mystic   Conj           ####....     9%          4    ####...

Your spell library contained the following spells:

 Spells                   Type           Power        Failure   Level  Hunger
 Beastly Appendage        Tmut           #.....       12%         1    None
 Sticks to Snakes         Tmut           #.......     19%         2    ##.....
 Force Lance              Conj/Tloc      ###.....     32%         4    ####...
 Fulminant Prism          Conj/Hex       ###.......   32%         4    ####...
 Spider Form              Tmut/Pois      #.........   36%         3    ###....
 Ice Form                 Ice/Tmut       #.......     77%         4    ####...
 Blade Hands              Tmut           #.........   98%         5    ######.


Dungeon Overview and Level Annotations

Branches:
Dungeon (4/15)
 Temple: D:4-7

Altars:


Message History

Beogh smites you!
Casting: Magic Dart (safe; 1% risk of failure)
Confirm with . or Enter, or press ? or * to list all spells.
Aiming: Searing Ray (safe; 1% risk of failure)
Press: ? - help, Shift-Dir - straight line, f/p - orc priest
Aim: an orc priest, wielding a -3 hand axe and wearing a +0 ring mail The searing ray misses the orc priest. (Press . to maintain the ray.)
The orc priest hits you with a cursed -3 hand axe!
The searing ray hits the orc priest.
The orc priest is moderately wounded.
The orc priest hits you with a cursed -3 hand axe.
The searing ray misses the orc priest.
The orc priest hits you but does no damage.
The searing ray hits the orc priest!
The orc priest is almost dead.
You finish channeling your searing ray.
The orc priest invokes the aid of Beogh against you.
Beogh smites you!
You die...

##.......#
###.....#
#..####
##.## #..#
#..#
###.##
###...#
#...@.#
##..o.#
#......#
#......#
##....†..
#........
#.........
#.........


You could see an orc priest.

Vanquished Creatures
  A jelly (D:4)
  An orc wizard (D:3)
  An orc priest (D:4)
  2 worker ants
  6 adders
  A worm (D:3)
  5 dart slugs
  2 leopard geckos
  4 orcs
  6 bats
  5 giant cockroaches
  11 goblins
  5 hobgoblins
  6 jackals (D:1)
  2 quokkas (D:2)
  9 frilled lizards
  13 kobolds
  12 rats
92 creatures vanquished.

Notes
Turn   | Place    | Note
-------+----------+-------------------------------------------
     0 | D:1      | Gwenloh the Deep Elf Conjurer began the quest for the Orb.
     0 | D:1      | Reached XP level 1. HP: 10/10 MP: 6/6
   218 | D:1      | Reached XP level 2. HP: 15/15 MP: 4/8
   741 | D:1      | Reached skill level 5 in Conjurations
   744 | D:1      | Reached XP level 3. HP: 19/19 MP: 6/9
  1332 | D:2      | Reached XP level 4. HP: 24/24 MP: 4/10
  1382 | D:2      | Learned a level 2 spell: Searing Ray
  1386 | D:2      | Learned a level 3 spell: Dazzling Spray
  2190 | D:3      | Reached XP level 5. HP: 28/28 MP: 6/11
  2540 | D:3      | Reached skill level 6 in Conjurations
  3165 | D:3      | Learned a level 4 spell: Iskenderun's Mystic Blast
  3521 | D:4      | Reached XP level 6. HP: 32/32 MP: 7/12
  3534 | D:4      | Killed from afar by an orc priest

Skill      XL: |  1  2  3  4  5 |
---------------+----------------+-----
Stealth        | 3 4 |  4.6
Dodging        | 3 4 |  4.3
Conjurations   | 5 6 |  6.5
Spellcasting   | |  3.0

Action                   |  1- 3 |  4- 6 || total
-------------------------+-------+-------++-------
Melee: Dagger            |     4 |       ||     4
 Cast: Magic Dart        |    80 |    96 ||   176
       Searing Ray       |       |     7 ||     7
       Dazzling Spray    |       |     1 ||     1
  Use: Scroll            |     4 |     6 ||    10
  Eat: Chunk             |     1 |     7 ||     8
Armor: Robe              |     3 |     3 ||     6
Dodge: Dodged            |    22 |     8 ||    30
